Map: Year Zero LE

Players

SKillous

  • Race: Protoss Protoss
  • Spawn Location: 11:00

MaSa - Winner!

  • Race: Terran Terran
  • Spawn Location: 1:00

Event: 2019 WCS Spring

VOD

Have the link to the VOD?

Description

Time

  • Played on: May 18, 2019, 9:02 a.m.
  • Length: 14:26

All games in this series

Show
View Real Time Build Order
Export as new Build Order

SKillous Protoss 

Build Orders: 1 Gate Expand, Phoenix Opening, Colossus Rush 

Get SALT Encoding   

  12  0:00  Probe  
  13  0:12  Probe  
  14  0:17  Pylon  
  14  0:25  Probe  
  15  0:35  Probe, Gateway  
  16  0:43  Probe  
  16  0:49  Assimilator  
  17  0:53  Probe  
  18  1:05  Probe  
  19  1:17  Probe  
  20  1:27  Nexus  
  20  1:37  Cybernetics Core  
  20  1:41  Probe  
  20  1:46  Assimilator  
  21  1:54  Probe  
  22  1:57  Pylon  
  22  2:05  Adept  
  22  2:06  Probe  
  25  2:18  Probe  
  26  2:23  Stargate  
  26  2:25  Adept  
  26  2:30  Warp Gate, Probe  
  26  2:35  Probe  
  29  2:42  Probe  
  29  2:43  Probe  
  32  2:54  Stalker, Probe x2  
  36  3:02  Assimilator  
  36  3:05  Probe  
  36  3:07  Probe  
  36  3:12  Phoenix  
  40  3:13  Probe  
  42  3:20  Probe  
  42  3:21  Probe  
  42  3:23  Pylon  
  43  3:32  Probe  
  44  3:34  Phoenix  
  44  3:35  Probe  
  47  3:42  Robotics Facility  
  47  3:44  Probe  
  48  3:49  Probe  
  48  3:54  Phoenix  
  49  3:56  Probe  
  49  4:00  Assimilator  
  49  4:01  Probe  
  51  4:04  Pylon  
  51  4:09  Probe  
  52  4:10  Pylon  
  52  4:13  Probe  
  52  4:15  Phoenix  
  53  4:22  Sentry  
  53  4:23  Probe  
  58  4:26  Pylon  
  58  4:28  Probe  
  58  4:30  Observer  
  60  4:34  Robotics Bay  
  60  4:36  Gateway  
  60  4:42  Phoenix  
  62  4:51  Probe  
  63  4:52  Pylon  
  63  4:53  Observer  
  64  5:03  Phoenix  
  63  5:08  Probe  
  63  5:13  Colossus  
  65  5:20  Probe  
  66  5:24  Probe  
  73  5:32  Probe  
  73  5:38  Nexus, Forge  
  73  5:39  Probe  
  73  5:40  Forge  
  73  5:42  Pylon x2  
  74  5:54  Probe  
  70  6:01  Probe  
  70  6:03  Twilight Council  
  70  6:04  Gateway x2  
  70  6:06  Probe, Gateway  
  70  6:07  Observer  
  70  6:11  Probe  
  73  6:14  Photon Cannon  
  73  6:18  Probe  
  75  6:21  Probe  
  76  6:26  Protoss Ground Weapons Level 1  
  76  6:29  Colossus  
  76  6:30  Probe  
  76  6:32  Charge, Gateway  
  77  6:33  Probe  
  78  6:42  Probe  
  85  6:48  Protoss Shields Level 1  
  85  6:50  Photon Cannon  
  84  6:59  Probe  
  84  7:00  Probe  
  86  7:02  Probe  
  87  7:11  Probe  
  88  7:15  Pylon  
  88  7:20  Gateway  
  88  7:21  Photon Cannon, Warp Prism  
  88  7:22  Pylon, Gateway  
  88  7:23  Pylon  
  88  7:25  Extended Thermal Lance  
  88  7:28  Templar Archives  
  88  7:29  Zealot  
  92  7:37  Zealot x3  
  98  7:47  Zealot x2  
  98  7:51  Observer  
  102  7:53  Zealot, Gateway  
  102  7:56  Gateway  
  104  8:04  High Templar x2  
  104  8:05  Zealot  
  110  8:09  Archon  
  110  8:10  Nexus  
  110  8:14  Pylon  
  110  8:16  Zealot, High Templar x2  
  116  8:21  Archon  
  116  8:27  Zealot x3  
  116  8:31  Pylon  
  122  8:34  High Templar  
  122  8:37  Stalker  
  122  8:41  High Templar  
  125  8:45  Archon  
  119  8:57  Zealot x7  
  121  9:03  Zealot x2  
  121  9:05  Probe  
  121  9:06  Probe  
  113  9:12  Observer  
  113  9:14  Probe  
  104  9:20  Colossus  
  86  9:24  Probe  
  86  9:27  Probe  
  86  9:28  Probe  
  78  9:32  Probe  
  78  9:33  Protoss Ground Armor Level 1, Probe  
  83  9:40  Zealot x3  
  83  9:41  Zealot x7  
  103  9:56  Pylon  
  103  10:01  Stalker, High Templar x2  
  103  10:02  Stalker x4  
  103  10:06  Warp Prism  
  117  10:08  Zealot x3  
  117  10:09  Archon  
  115  10:14  Oracle  
  120  10:23  Pylon  
  120  10:25  Stalker x2, Photon Cannon  
  120  10:26  Zealot x3  
  130  10:31  Stalker  
  130  10:36  Stalker x2  
  130  10:40  Probe x3  
  130  10:42  Assimilator x2  
  135  10:43  Phoenix  
  130  10:54  Stalker  
  131  11:00  Stalker  
  127  11:14  Probe  
  123  11:19  Phoenix  
  123  11:21  Zealot x5  
  123  11:22  Probe x2  
  137  11:25  Photon Cannon  
  137  11:26  Stalker x3, Blink  
  137  11:31  Stalker  
  145  11:33  Stalker  
  146  12:02  Zealot x6  
  146  12:03  Zealot x4  
  146  12:07  Colossus  
  132  12:29  Stalker x5  
  126  12:44  Pylon  
  126  12:48  Zealot x3  
  126  12:49  Zealot x2  
  136  12:52  Probe, Pylon  
  136  12:53  Colossus  
  136  12:55  Stalker  
  136  12:56  Stalker x3  
  143  12:59  Photon Cannon  
  143  13:01  Zealot  
  143  13:19  Zealot x9  
  106  13:32  High Templar  
  100  13:37  Nexus  
  100  13:38  Pylon  
  100  13:40  Observer, High Templar  
  102  13:41  Stalker x2  
  102  13:42  Zealot x6  
  119  13:49  Archon  
  107  13:59  Stalker  
  99  14:05  Stalker x2  
  99  14:06  Stalker  
  99  14:08  Stalker, Zealot x4  
  91  14:11  Probe x3  
  90  14:18  Zealot x2  
Show
View Real Time Build Order
Export as new Build Order

MaSa Terran - Winner!

Build Orders: Gas First Reaper Expand, Mech 

Get SALT Encoding   

  12  0:00  SCV  
  13  0:12  SCV  
  14  0:17  Supply Depot  
  14  0:24  SCV  
  15  0:29  Refinery  
  15  0:39  SCV  
  16  0:45  Barracks  
  16  0:51  SCV  
  17  1:03  SCV  
  18  1:15  SCV  
  19  1:32  Reaper, Orbital Command  
  20  1:47  Command Center  
  20  1:58  SCV  
  21  2:02  Factory  
  21  2:07  Barracks Reactor  
  21  2:11  SCV  
  22  2:16  Refinery  
  22  2:20  Supply Depot  
  22  2:23  SCV  
  23  2:41  SCV  
  24  2:46  Marine x2  
  24  2:47  Starport, Factory Tech Lab  
  26  2:54  SCV  
  27  3:03  Marine  
  27  3:04  Marine  
  29  3:05  Orbital Command  
  29  3:09  SCV  
  30  3:18  Cyclone  
  33  3:25  SCV, Starport Tech Lab  
  33  3:26  Marine  
  35  3:29  Marine  
  35  3:33  SCV  
  37  3:39  SCV, Refinery  
  38  3:45  SCV  
  38  3:46  Raven  
  38  3:47  Marine  
  42  3:52  Supply Depot  
  42  3:56  SCV  
  42  3:59  SCV  
  44  4:08  SCV  
  45  4:11  SCV  
  45  4:14  Cyclone  
  45  4:15  Supply Depot  
  49  4:23  Command Center  
  49  4:25  SCV  
  49  4:27  SCV  
  51  4:34  Supply Depot  
  51  4:37  SCV  
  52  4:38  Marine x2  
  52  4:42  Banshee  
  52  4:43  SCV  
  58  4:49  SCV  
  58  4:51  Cyclone  
  62  4:56  SCV  
  61  5:01  SCV  
  60  5:08  SCV  
  60  5:10  Factory  
  60  5:11  Bunker  
  60  5:13  SCV  
  61  5:14  Cloaking Field  
  61  5:20  SCV  
  62  5:25  Banshee, Refinery  
  62  5:28  SCV  
  66  5:30  Siege Tank  
  68  5:35  SCV  
  68  5:37  Orbital Command  
  69  5:44  SCV  
  69  5:48  SCV  
  71  5:51  Factory  
  71  5:52  Barracks Tech Lab  
  71  5:56  SCV  
  72  5:59  Supply Depot  
  72  6:00  SCV, Orbital Command  
  72  6:02  Armory  
  73  6:08  Banshee  
  73  6:09  SCV  
  77  6:12  Hellion  
  77  6:13  Hellion  
  77  6:15  SCV  
  77  6:18  Mag-Field Accelerator  
  82  6:27  Cyclone  
  82  6:29  SCV  
  82  6:30  SCV  
  82  6:32  SCV  
  88  6:33  Refinery  
  88  6:36  Hellion  
  88  6:39  Refinery  
  90  6:42  Hellion  
  90  6:46  SCV  
  93  6:48  Hyperflight Rotors  
  93  6:54  Terran Vehicle And Ship Armor Level 1, Supply Depot  
  93  6:58  SCV  
  91  7:01  Hellion  
  93  7:15  Supply Depot x2  
  93  7:16  SCV x2, Cyclone x2  
  101  7:32  Infernal Pre-Igniter  
  101  7:37  SCV x3, Hellion, Banshee  
  101  7:38  Factory  
  101  7:39  Hellion, Factory  
  111  7:48  Cyclone  
  111  7:49  SCV x3  
  117  7:56  Supply Depot  
  117  7:59  Hellion, Cyclone  
  117  8:01  SCV, Supply Depot  
  117  8:02  Supply Depot  
  117  8:05  SCV x2  
  125  8:10  Supply Depot  
  125  8:14  Armory  
  125  8:18  SCV, Hellion  
  128  8:22  SCV x2  
  128  8:23  Factory Reactor, Supply Depot  
  128  8:24  Hellion  
  128  8:25  Factory Tech Lab, Supply Depot  
  131  8:29  Banshee  
  131  8:30  SCV  
  135  8:34  SCV x2  
  133  8:43  SCV  
  133  8:46  SCV  
  135  8:51  Hellion, Cyclone  
  135  8:52  Hellion, Cyclone  
  143  9:02  Hellion x2  
  138  9:05  SCV  
  138  9:08  SCV x2  
  106  9:20  Banshee  
  106  9:21  SCV  
  106  9:22  Hellion  
  106  9:23  SCV  
  106  9:24  SCV, Cyclone x2  
  107  9:30  Hellion  
  104  9:37  Terran Vehicle Weapons Level 1  
  104  9:38  SCV  
  104  9:40  SCV  
  104  9:41  SCV  
  107  9:49  Terran Vehicle And Ship Armor Level 2  
  107  9:50  Command Center  
  107  9:51  SCV  
  107  9:52  SCV  
  111  9:53  SCV, Hellion  
  112  10:03  SCV, Engineering Bay  
  112  10:04  SCV  
  112  10:05  SCV  
  115  10:09  Banshee  
  115  10:12  Hellion x3, Cyclone  
  127  10:15  SCV  
  127  10:16  SCV  
  127  10:17  SCV  
  127  10:18  Siege Tank  
  127  10:21  Siege Tank  
  136  10:27  SCV  
  137  10:30  Hellion  
  139  10:37  Hellion x3  
  139  10:39  SCV x2  
  139  10:40  SCV  
  148  10:49  Hellion  
  150  10:50  Hellion  
  150  10:51  SCV  
  150  10:52  Banshee  
  150  10:56  Cyclone  
  147  11:14  Hellion x4, Cyclone  
  158  11:20  Planetary Fortress, Refinery  
  158  11:22  Refinery  
  160  11:26  Hellion  
  160  11:29  Factory x2  
  160  11:30  Factory  
  160  11:32  Cyclone  
  163  11:34  Banshee  
  163  11:38  SCV x2  
  163  11:39  SCV  
  169  11:41  Terran Vehicle Weapons Level 2  
  169  11:46  Cyclone  
  172  11:48  Cyclone  
  175  11:59  Hellion  
  175  12:00  Hellion  
  179  12:07  Cyclone  
  179  12:08  Hellion  
  178  12:10  Hellion  
  158  12:17  SCV x2  
  158  12:18  Cyclone  
  158  12:20  Hellion  
  157  12:24  Hellion x2  
  157  12:26  SCV  
  156  12:30  SCV, Banshee  
  156  12:33  SCV  
  156  12:35  SCV  
  160  12:38  SCV  
  160  12:39  Cyclone, Supply Depot  
  164  12:44  Factory Reactor  
  164  12:45  Factory Tech Lab  
  164  12:47  Hellion x2  
  164  12:50  Refinery  
  168  12:56  Command Center  
  168  13:01  Hellion x2, Factory Tech Lab  
  175  13:05  Cyclone  
  167  13:14  Hellion  
  167  13:15  Hellion, Cyclone  
  167  13:18  Banshee  
  163  13:21  SCV, Supply Depot  
  163  13:25  SCV  
  163  13:26  SCV  
  156  13:31  SCV  
  156  13:33  SCV  
  157  13:34  Cyclone  
  157  13:35  Supply Depot  
  157  13:36  Cyclone  
  157  13:40  SCV  
  157  13:41  SCV  
  165  13:43  SCV  
  165  13:45  SCV, Supply Depot  
  167  13:54  Hellion  
  167  13:55  Hellion x4  
  167  13:58  Hellion x2  
  157  14:12  Command Center  
Tags
 
Add a new tag
Caveats
  • Supply blocks, unpowered buildings, or Contaminate may cause inaccurate times.
  • Supply counts are checked every 10 seconds.